 Dungeon Crawl Stone Soup version 0.26-a0-651-gb41185065b (webtiles) character file.

Game seed: 8936028066883711665

280968 Flugslaktarn the Severer (level 19, -14/193 HPs)
             Began as a Deep Dwarf Fighter on Oct 6, 2020.
             Was the Champion of Makhleb.
             Killed from afar by an orb of fire (20 damage)
             ... with a fireball
             ... on level 1 of the Realm of Zot.
             The game lasted 00:16:12 (17714 turns).

Flugslaktarn the Severer (Deep Dwarf Fighter)      Turns: 17714, Time: 00:16:13

Health: -14/193    AC: 31    Str: 33    XL:     19   Next: 26%
Magic:  26/26 (17) EV: 15    Int: 13    God:    Makhleb [******]
Gold:   2256       SH: 27    Dex: 19    Spells: 18/18 levels left

rFire    + . .     SeeInvis .   L - +6 war axe of Voseng {venom, rC+}
rCold    + . .     Faith    .   O - +0 tower shield
rNeg     + . .     Spirit   .   N - +5 plate armour
rPois    +         Reflect  .   R - +2 helmet of Kikubaaqudgha's Esteem {+Inv rF+}
rElec    .         Harm     .   n - +2 cloak
rCorr    .         Rampage  .   (no gloves)
MR       ++...                  A - +1 pair of boots of Responsibility {MP+9}
Stlth    ..........             B - amulet "Tebeyxku" {RegenMP Dex+5 Slay+5}
HPRegen  0.00/turn              j - +4 ring of slaying
MPRegen  0.45/turn              S - ring of Ojareomu {rPois EV+4 Str+7 Int+2 Dex+2}

@: non-regenerating
A: damage resistance, heal wounds, large bone plates 1, blurry vision 1,
mutation resistance 1, negative energy resistance 1, sense surroundings 3,
subdued magic 1, no regeneration
}: 3/15 runes: serpentine, barnacled, abyssal
a: Heal Wounds, Minor Destruction, Lesser Servant of Makhleb, Major Destruction,
Greater Servant of Makhleb, Renounce Religion, Evoke Invisibility


You were on level 1 of the Realm of Zot.
You worshipped Makhleb.
Makhleb was exalted by your worship.
You visited 6 branches of the dungeon, and saw 32 of its levels.
You visited the Abyss 2 times.

You collected 2996 gold pieces.
You spent 740 gold pieces at shops.

Inventory:

Hand Weapons
 a - a +2 broad axe of flaming
   (You took it off a hell knight on level 1 of the Depths)
 L - the +6 war axe of Voseng (weapon) {venom, rC+}
   (You found it on level 5 of the Dungeon)

   It poisons the flesh of those it strikes.
   It protects you from cold.
Armour
 k - a +0 plate armour
   (You took it off an orc warrior on level 5 of the Dungeon)
 n - a +2 cloak (worn)
   (You found it on level 2 of the Dungeon)
 u - a +2 helmet of intelligence
   (You bought it in a shop on level 4 of the Dungeon)
 A - the +1 pair of boots of Responsibility (worn) {MP+9}
   (You bought it in a shop on level 4 of the Dungeon)

   It affects your magic capacity (+9).
 I - the +27 Lear's hauberk
   (You found it on level 10 of the Dungeon)
 M - the +3 hat of Pondering {ponderous, MR+ MP+10 Int+5}
   (You took it off Gastronok on level 8 of the Dungeon)

   It affects your intelligence (+5).
   It affects your resistance to hostile enchantments.
   It affects your magic capacity (+10).
 N - a +5 plate armour (worn)
   (You took it off a hell knight on level 1 of the Depths)
 O - a +0 tower shield (worn)
   (You took it off a vault guard on level 13 of the Dungeon)
 R - the +2 helmet of Kikubaaqudgha's Esteem (worn) {+Inv rF+}
   (You found it on level 4 of the Shoals)

   It protects you from fire.
   It lets you turn invisible.
Jewellery
 i - an uncursed ring of see invisible
   (You found it on level 1 of the Dungeon)
 j - a +4 ring of slaying (left hand)
   (You found it on level 4 of the Shoals)
 p - a +4 ring of protection
   (You found it on level 3 of the Lair of Beasts)
 s - an uncursed amulet of reflection {unknown}
   (You found it on level 4 of the Depths)
 B - the amulet "Tebeyxku" (around neck) {RegenMP Dex+5 Slay+5}
   (You acquired it on level 15 of the Dungeon)

   [amulet of magic regeneration]

   It increases your magic regeneration.
   It affects your dexterity (+5).
   It affects your accuracy and damage with ranged weapons and melee attacks
   (+5).
 J - a +4 ring of protection
   (You found it on level 5 of the Depths)
 S - the ring of Ojareomu (right hand) {rPois EV+4 Str+7 Int+2 Dex+2}
   (You acquired it on level 15 of the Dungeon)

   [ring of evasion]

   It affects your evasion (+4).
   It affects your strength (+7).
   It affects your intelligence (+2).
   It affects your dexterity (+2).
   It protects you from poison.
Wands
 m - a wand of paralysis (25)
   (You found it on level 5 of the Dungeon)
 y - a wand of acid (25)
   (You found it on level 7 of the Dungeon)
 K - a wand of iceblast (7)
   (You took it off Maurice on level 11 of the Dungeon)
 Q - a wand of enslavement (7)
   (You found it on level 15 of the Dungeon)
Scrolls
 b - 4 scrolls of magic mapping
 e - 4 scrolls of fog
 f - 2 scrolls of fear
 r - 2 scrolls of identify
 t - 10 scrolls of teleportation
 x - 15 scrolls of remove curse
 z - 4 scrolls of blinking
 E - a scroll of brand weapon
 F - a scroll of holy word
Potions
 c - 2 potions of cancellation
 d - 5 potions of might
 g - 4 potions of ambrosia
 h - 3 potions of haste
 l - 3 potions of flight
 o - 3 potions of lignification
 q - 3 potions of curing
 v - a potion of resistance {unknown}
 w - 6 potions of heal wounds
 D - a potion of mutation
 G - 2 potions of invisibility
 P - 2 potions of berserk rage
Miscellaneous
 C - a tin of tremorstones (3/3)
   (You found it on level 4 of the Shoals)


   Skills:
 * Level 17.4 Fighting
 - Level 18.0 Axes
 + Level 15.2 Armour
 - Level 6.0 Dodging
 + Level 15.2 Shields
 - Level 15.0 Invocations
 - Level 10.0 Evocations


You had 18 spell levels left.
You didn't know any spells.
Your spell library was empty.

Dungeon Overview and Level Annotations

Branches:
Dungeon (15/15)            Temple (0/1) D:7            Lair (3/6) D:9
 Shoals (4/4) Lair:3        Snake (4/4) Lair:2          Orc (0/2) D:12
 Vaults (0/5) D:13         Depths (5/5) D:15            Zot (1/5) Depths:5

Altars:
Ashenzari
Elyvilon
Fedhas
Makhleb
Nemelex Xobeh
Okawaru
Qazlal
Sif Muna
Trog
Uskayaw
Xom
Zin

Shops:
D:4 *![   D:11 [   D:15 (   Depths:3 !!

Portals:
Hell: Depths:1 Depths:5
Pandemonium: Depths:4
Ziggurat: Depths:1

Annotations:
D:7 2 transporters, exclusion: door, p0werm0de's ghost, novice GrFi
D:12 3 runed translucent doors, Flugslaktarn's ghost, journeyman DDFi
D:15 2 transporters, Gearubrizxi's ghost, journeyman DDFi
Lair:3 1 runed translucent door, Siteim's ghost, journeyman MiAK
Shoals:1 1 runed translucent door, Kuhithrore's ghost, adept DrTm
Depths:5 2 runed translucent doors


Innate Abilities, Weirdness & Mutations

You are resistant to damage.
You can heal yourself by infusing magical energy.
You resist negative energy. (rN+)
You passively map a large area around you.
You do not regenerate.
You are partially covered in large bone plates. (SH +4)
Scrolls take you a little longer to read.
You are somewhat resistant to further mutation.
Your spells are a little easier to cast, but a little less powerful.


Message History

The tentacled monstrosity constricts you.
The orb of fire emits a lurid red light.
The bolt of fire hits you!! You resist.
* * * LOW HITPOINT WARNING * * *
The white draconian closely misses you.
You feel much better.
You block the tentacled monstrosity's attack.
The tentacled monstrosity tentacle-slaps you!
* * * LOW HITPOINT WARNING * * *
You block the tentacled monstrosity's attack.
The tentacled monstrosity constricts you.
You escape the tentacled monstrosity's grasp.
The orb of fire glows deep purple.
The fireball explodes!
The fireball engulfs you!!! You resist.
* * * LOW HITPOINT WARNING * * *
The fireball engulfs the orb of fire.
The orb of fire completely resists.
The fireball engulfs the orb of fire.
The orb of fire completely resists.
The orb of fire glows bright magenta.
The fireball explodes!
The fireball engulfs you!! You resist.
You die...

,,***###..##.#..###......,,**
,,,,,............#.......,**
,,,,,,,,,###..⌠..........**
,,,,,,,,,#..............#*
*****,.................#*
*,,***####.......Xd...##
,,,******####...#**..##
,,,,,,,,,.....###...##
,,,,,,,,,.......@..##
*,,,,,,,,.#.#####^##
,,,,,,,,,,##**,,.##
,,,,,,,,,,,**,,,#*
***********,,,,**
*,,,,,,,,,,,,**
**************


You could see 2 orbs of fire, a tentacled monstrosity (extremely poisoned) and a
white draconian.

Vanquished Creatures
  A juggernaut (Depths:5)
  An ancient lich (Depths:4)
  3 golden dragons (Depths:5)
  the Enchantress (Depths:1)
  A lich (Depths:4)
  An Executioner (Abyss:2)
  4 tentacled starspawn
  Gastronok (D:8)
  A titan (Depths:4)
  4 draconian monks (Depths:5)
  A storm dragon (Zot:1)
  6 nagarajas (Snake:4)
  3 fire giants
  An iron dragon (Depths:4)
  A draconian scorcher (Depths:5)
  A ghost moth (Zot:1)
  A deep elf elementalist (Abyss:2)
  3 spriggan defenders (Depths:1)
  A draconian annihilator (Depths:5)
  A stone giant (Depths:1)
  14 very ugly things
  A lorocyproca (Abyss:2)
  A deep elf demonologist (Depths:5)
  3 green draconians (Depths:5)
  5 black draconians (Depths:5)
  Nessos (D:12)
  5 purple draconians (Depths:5)
  3 red draconians (Depths:5)
  2 white draconians (Depths:5)
  3 ettins
  4 merfolk javelineers (Shoals:4)
  An eidolon (Abyss:3)
  3 merfolk impalers (Shoals:4)
  4 fire dragons
  2 great orbs of eyes
  4 yaktaur captains
  Fannar (Lair:1)
  2 hydras
  2 quicksilver dragon skeletons
  A vault guard (D:13)
  2 hell beasts
  An ice dragon (Depths:5)
  2 rakshasas
  An anaconda (Snake:4)
  2 spriggan air magi
  7 centaur warriors
  2 anacondas (shapeshifter)
  Erica (D:9)
  4 merfolk avatars (Shoals:4)
  9 naga warriors
  3 merfolk aquamancers (Shoals:4)
  An ogre mage (Depths:1)
  A queen ant (Lair:2)
  5 two-headed ogres
  3 deep troll shamans
  Urug (D:11)
  2 deep troll earth magi (Depths:4)
  3 tengu warriors
  2 soul eaters
  4 vampire magi (Depths:4)
  Sonja (D:10)
  A thrashing horror (Abyss:2)
  5 spriggan berserkers
  8 naga sharpshooters
  2 shock serpents (Snake:4)
  7 wretched stars
  2 salamander mystics
  A sixfirhy (Abyss:3)
  5 hell knights (Depths:1)
  4 skeletal warriors (D:15)
  4 sea snakes
  8 deep trolls
  A glowing orange brain (Depths:4)
  2 iron trolls (Depths:4)
  Pikel (D:8)
  5 naga ritualists (Snake:4)
  2 wizards
  A flayed ghost (Depths:4)
  An anaconda zombie (Abyss:3)
  2 death drakes
  6 necromancers
  3 mana vipers
  A lindwurm (Depths:5)
  8 large abominations
  A faun (Shoals:2)
  9 harpies
  An orc sorcerer (D:15)
  3 deep elf magi
  2 moths of wrath (Zot:1)
  9 manticores
  2 cyclopes
  22 ugly things
  6 salamanders
  A worldbinder (Abyss:2)
  Maurice (D:11)
  8 merfolk sirens
  6 centaur zombies
  18 black mambas
  A rust devil (Depths:4)
  A cane toad (shapeshifter) (Depths:4)
  A gargoyle (D:13)
  21 naga magi
  2 cane toads
  2 guardian serpents (Snake:4)
  An orange demon (Depths:4)
  4 demonic crawlers
  Maggie (D:7)
  3 kobold demonologists (D:14)
  12 yaktaurs
  A silent spectre (Abyss:3)
  5 ancient zymes (Abyss:2)
  3 trolls
  2 komodo dragons
  A red devil (Depths:1)
  2 tengu conjurers
  A shadow dragon simulacrum (Abyss:3)
  5 wind drakes
  A meliai (shapeshifter) (Abyss:3)
  8 merfolk
  A tengu simulacrum (Depths:1)
  2 hornets
  3 raiju
  4 dream sheep (Shoals:4)
  6 snapping turtles
  A wolf spider simulacrum (D:15)
  8 blink frogs
  9 hippogriffs
  4 slime creatures (D:15)
  8 small abominations
  An alligator skeleton (Abyss:3)
  A shadow (Depths:2)
  A fire dragon skeleton (Abyss:3)
  2 spriggans (Depths:1)
  A wyvern (D:10)
  11 water elementals
  2 wraiths
  17 yaks
  A fire elemental (Depths:5)
  Grum (Lair:1)
  2 basilisks
  2 neqoxecs (Abyss:3)
  A yak (shapeshifter) (Depths:5)
  A steam dragon (D:12)
  Menkaure (D:6)
  Edmund (D:6)
  29 nagas
  16 soldier ants
  3 acid dragons
  6 wargs (Depths:2)
  8 water moccasins
  5 hell hounds
  6 porcupines
  Duvessa (D:7)
  5 swamp drakes (Depths:5)
  12 orc warriors
  3 sky beasts
  3 black bears
  2 ettin simulacra
  14 ogres
  4 eyes of draining
  12 wolves
  3 necrophages
  15 centaurs
  2 lemures (D:8)
  A crocodile (D:10)
  5 big kobolds
  11 bullfrogs
  3 gnoll sergeants (D:12)
  Dowan (D:7)
  A scorpion (D:8)
  A water moccasin skeleton (D:11)
  15 killer bees
  6 wights
  8 howler monkeys
  4 electric eels
  A crimson imp (Depths:4)
  2 quasits
  23 starcursed masses
  2 jellies
  2 bullfrog zombies
  A bullfrog skeleton (D:11)
  12 hounds
  2 gnoll shamans (D:5)
  5 orc priests
  4 centaur skeletons
  10 orc wizards
  5 iguanas
  Terence (D:2)
  2 hell rats (D:15)
  46 worker ants
  2 hound skeletons
  2 worker ant zombies
  A howler monkey zombie (D:10)
  16 adders
  19 gnolls
  4 river rats (D:15)
  2 shadow imps (Depths:4)
  5 white imps
  2 ufetubi
  An ooze (D:4)
  An adder skeleton (D:5)
  2 worms
  5 leopard geckos
  60 orcs
  8 giant cockroaches
  4 goblins
  7 hobgoblins
  14 jackals
  11 kobolds
  5 quokkas
  4 ball pythons
  3 bats
  7 frilled lizards
  3 leopard gecko skeletons
  A quokka skeleton (D:6)
  15 rats
  A plant (Shoals:4)
  8 starspawn tentacles (Abyss:3)
1031 creatures vanquished.

Vanquished Creatures (collateral kills)
  2 hydras
  A naga warrior (Snake:4)
  A naga mage (Snake:4)
  A komodo dragon (Lair:2)
  A naga (Lair:2)
  An orc warrior (D:14)
  A bullfrog (D:14)
8 creatures vanquished.

Vanquished Creatures (others)
  A shadow dragon (Depths:5)
  A draconian annihilator (Depths:5)
  A merfolk impaler (Shoals:4)
  A deep troll earth mage (Depths:5)
  A wind drake (Depths:5)
  A swamp drake (Depths:5)
  2 orcs (D:10)
  A kobold (D:10)
  4 fungi
  72 plants
  7 starspawn tentacles
92 creatures vanquished.

Grand Total: 1131 creatures vanquished

Notes
Turn   | Place    | Note
-------+----------+-------------------------------------------
     0 | D:1      | Flugslaktarn the Deep Dwarf Fighter began the quest for the
                  | Orb.
     0 | D:1      | Reached XP level 1. HP: 20/20 MP: 1/1
   152 | D:1      | Reached XP level 2. HP: 17/27 MP: 2/2
   399 | D:2      | Reached XP level 3. HP: 24/34 MP: 3/3
   455 | D:2      | Noticed Terence
   470 | D:2      | Killed Terence
   470 | D:2      | Reached skill level 3 in Axes
   479 | D:2      | Reached XP level 4. HP: 38/42 MP: 4/4
   655 | D:3      | Noticed a centaur
   660 | D:3      | Killed a centaur
   660 | D:3      | Reached XP level 5. HP: 33/50 MP: 5/5
   720 | D:4      | Noticed a centaur
   721 | D:4      | Found Adeoc's Antique Armour Boutique.
   728 | D:4      | Killed a centaur
   728 | D:4      | Reached skill level 4 in Axes
   738 | D:4      | Reached XP level 6. HP: 43/57 MP: 6/6
   792 | D:4      | Found Huew's Distillery.
   955 | D:4      | Found Pydup's Assorted Antiques.
  1033 | D:4      | Reached skill level 5 in Axes
  1148 | D:4      | Found a bloodstained altar of Trog.
  1164 | D:4      | Reached XP level 7. HP: 59/66 MP: 5/5
  1289 | D:5      | Entered Level 5 of the Dungeon
  1331 | D:5      | Reached skill level 5 in Fighting
  1409 | D:5      | Reached skill level 5 in Armour
  1474 | D:5      | Reached skill level 5 in Shields
  1483 | D:5      | Reached skill level 6 in Axes
  1571 | D:5      | Found a hide-covered altar of Uskayaw.
  1572 | D:5      | Noticed a -3 hand axe
  1572 | D:5      | Noticed a +0 dagger
  1610 | D:5      | Found a broken altar of Ashenzari.
  1764 | D:5      | Got a polished war axe
  1765 | D:5      | Identified the +6 war axe of Voseng {venom, rC+} (You found
                  | it on level 5 of the Dungeon)
  1782 | D:5      | Reached XP level 8. HP: 56/75 MP: 4/4
  2042 | D:5      | Got a fine helmet
  2048 | D:5      | Identified the cursed -5 helmet of the Spheres {rPois rN+
                  | Dex-2} (You found it on level 5 of the Dungeon)
  2102 | D:6      | Found a burning altar of Makhleb.
  2102 | D:6      | Found an iron altar of Okawaru.
  2113 | D:6      | Became a worshipper of Makhleb the Destroyer
  2223 | D:6      | Reached skill level 7 in Axes
  2223 | D:6      | Reached skill level 1 in Invocations
  2258 | D:6      | Noticed Edmund
  2264 | D:6      | Killed Edmund
  2405 | D:6      | Found a white marble altar of Elyvilon.
  2458 | D:6      | Found a sparkling altar of Nemelex Xobeh.
  2530 | D:6      | Gained mutation: You passively map the area around you.
                  | [Deep Dwarf growth]
  2530 | D:6      | Reached XP level 9. HP: 51/85 MP: 6/6
  2670 | D:7      | Found a staircase to the Ecumenical Temple.
  2670 | D:7      | Noticed Menkaure
  2672 | D:7      | Reached skill level 1 in Evocations
  2673 | D:7      | Reached * piety under Makhleb
  2682 | D:6      | Killed Menkaure
  2682 | D:6      | Reached skill level 8 in Axes
  2712 | D:7      | Noticed Maggie
  2721 | D:7      | Killed Maggie
  2856 | D:7      | Found a transporter.
  2860 | D:7      | Noticed p0werm0de's ghost (novice GrFi)
  2860 | D:7      | Noticed Duvessa
  2860 | D:7      | Noticed Dowan
  2863 | D:7      | Killed Dowan
  2870 | D:7      | Killed Duvessa
  2891 | D:7      | Found a transporter.
  2893 | D:7      | Noticed a moth of wrath
  2932 | D:7      | Found a white marble altar of Elyvilon.
  3336 | D:7      | Found a shimmering blue altar of Sif Muna.
  3557 | D:8      | Noticed Pikel
  3574 | D:8      | Killed Pikel
  3574 | D:8      | Reached skill level 9 in Axes
  3574 | D:8      | Reached XP level 10. HP: 83/96 MP: 9/9
  3633 | D:8      | Reached ** piety under Makhleb
  4022 | D:8      | Noticed Gastronok
  4045 | D:8      | Killed Gastronok
  4045 | D:8      | Reached skill level 5 in Invocations
  4242 | D:8      | Found a glowing silver altar of Zin.
  4419 | D:4      | Bought a pair of masterwork boots for 266 gold pieces
  4424 | D:4      | Identified the +1 pair of boots of Responsibility {MP+9}
                  | (You bought it in a shop on level 4 of the Dungeon)
  4424 | D:4      | Bought a scroll labeled RACANU GUNANI for 28 gold pieces
  4424 | D:4      | Bought a ruby potion for 25 gold pieces
  4424 | D:4      | Bought a scroll labeled RACANU GUNANI for 28 gold pieces
  4424 | D:4      | Bought a cyan potion for 25 gold pieces
  4424 | D:4      | Bought a scroll labeled HANWISCH CIMMA for 28 gold pieces
  4424 | D:4      | Bought a scroll labeled FIAGGONEEB for 28 gold pieces
  4425 | D:4      | Acquired 1128 gold pieces
  4511 | D:4      | Bought a runed helmet for 195 gold pieces
  4511 | D:4      | Bought a pair of gloves for 117 gold pieces
  4667 | D:9      | Noticed Erica
  4684 | D:9      | Killed Erica
  4684 | D:9      | Reached skill level 10 in Axes
  4684 | D:9      | Reached skill level 5 in Evocations
  4713 | D:9      | Noticed a centaur warrior
  4722 | D:9      | Killed a centaur warrior
  4722 | D:9      | Reached XP level 11. HP: 69/104 MP: 10/10
  4768 | D:9      | Found a shimmering altar of Xom.
  4798 | D:9      | Found a staircase to the Lair.
  5076 | D:9      | Found a blossoming altar of Fedhas.
  5242 | D:10     | Entered Level 10 of the Dungeon
  5383 | D:10     | Noticed Sonja
  5408 | D:10     | Killed Sonja
  5412 | D:10     | Reached *** piety under Makhleb
  5520 | D:10     | Found the +27 Lear's hauberk
  6072 | D:11     | Noticed Urug
  6089 | D:11     | Killed Urug
  6188 | D:11     | Found Zidiuj's Antique Armour Boutique.
  6202 | D:11     | Noticed Maurice
  6222 | D:11     | Killed Maurice
  6466 | D:11     | Reached skill level 11 in Axes
  6529 | D:11     | Noticed a brown ugly thing
  6537 | D:11     | Killed a brown ugly thing
  6597 | D:11     | Noticed a red ugly thing
  6610 | D:11     | Killed a red ugly thing
  6663 | D:11     | Noticed an eight-headed hydra
  6691 | D:11     | Killed a ten-headed hydra
  6976 | D:12     | Noticed a white ugly thing
  6983 | D:12     | Killed a white ugly thing
  7123 | D:12     | Noticed Nessos
  7147 | D:12     | Killed Nessos
  7147 | D:12     | Reached skill level 1 in Dodging
  7147 | D:12     | Reached XP level 12. HP: 39/116 MP: 11/11
  7186 | D:12     | Found a runed translucent gate.
  7187 | D:12     | Found a runed translucent gate.
  7187 | D:12     | Found a runed translucent gate.
  7189 | D:12     | Noticed a 13-headed hydra
  7189 | D:12     | Noticed an 11-headed hydra
  7190 | D:12     | Noticed Flugslaktarn's ghost (journeyman DDFi)
  7329 | D:12     | Found a staircase to the Orcish Mines.
  7343 | D:12     | Reached skill level 10 in Fighting
  7362 | D:12     | Reached **** piety under Makhleb
  7695 | D:13     | Noticed a centaur warrior
  7704 | D:13     | Killed a centaur warrior
  7750 | D:13     | Reached skill level 12 in Axes
  7765 | D:13     | Noticed a centaur warrior
  7775 | D:13     | Killed a centaur warrior
  8129 | D:13     | Noticed a two-headed ogre
  8139 | D:13     | Killed a two-headed ogre
  8158 | D:13     | Noticed a centaur warrior
  8167 | D:13     | Killed a centaur warrior
  8321 | D:13     | Found a gate to the Vaults.
  8321 | D:13     | Noticed a vault guard
  8337 | D:13     | Killed a vault guard
  8498 | D:14     | Noticed a seven-headed hydra
  8524 | D:14     | Killed a 14-headed hydra
  8524 | D:14     | Reached XP level 13. HP: 65/126 MP: 12/12
  8742 | D:14     | Found a stormy altar of Qazlal.
  9043 | D:15     | Entered Level 15 of the Dungeon
  9066 | D:15     | Reached ***** piety under Makhleb
  9271 | D:15     | Reached skill level 13 in Axes
  9341 | D:15     | Reached skill level 10 in Armour
  9426 | D:15     | Found Omyugem's Antique Weapon Boutique.
  9459 | D:15     | Reached skill level 10 in Shields
  9474 | D:15     | Noticed Gearubrizxi's ghost (journeyman DDFi)
  9666 | D:15     | Reached skill level 5 in Dodging
  9699 | D:15     | Reached skill level 10 in Invocations
  9706 | D:15     | Found a staircase to the Depths.
  9753 | D:15     | Found the +10 morningstar "Eos" {elec, Halo rElec}
 10044 | D:15     | Found a transporter.
 10047 | D:15     | Found a transporter.
 10100 | D:15     | Acquired the ring of Ojareomu {rPois EV+4 Str+7 Int+2
                  | Dex+2}
 10102 | D:15     | Acquired the amulet "Tebeyxku" {RegenMP Dex+5 Slay+5}
 10309 | Lair:1   | Entered Level 1 of the Lair of Beasts
 10356 | Lair:1   | Noticed Grum
 10358 | Lair:1   | Noticed Fannar
 10380 | Lair:1   | Killed Fannar
 10380 | Lair:1   | Gained mutation: You resist negative energy. (rN+) [Deep
                  | Dwarf growth]
 10380 | Lair:1   | Reached XP level 14. HP: 136/136 MP: 14/14
 10387 | Lair:1   | Killed Grum
 10509 | Lair:2   | Reached skill level 10 in Evocations
 10572 | Lair:2   | Reached ****** piety under Makhleb
 10862 | Lair:2   | Found a staircase to the Snake Pit.
 11321 | Lair:3   | Found a runed translucent door.
 11323 | Lair:3   | Identified the +9 spear of Charity {vorpal, Fragile Int+6}
 11324 | Lair:3   | Noticed Siteim's ghost (journeyman MiAK)
 11569 | Lair:3   | Found a staircase to the Shoals.
 11588 | Lair:3   | Reached skill level 14 in Axes
 11919 | Snake:1  | Entered Level 1 of the Snake Pit
 12199 | Snake:4  | Entered Level 4 of the Snake Pit
 12663 | Snake:4  | Reached XP level 15. HP: 146/146 MP: 16/16
 12735 | Snake:4  | Noticed a nagaraja
 12737 | Snake:4  | Noticed a nagaraja
 12738 | Snake:4  | Noticed a nagaraja
 12743 | Snake:4  | Noticed a nagaraja
 12743 | Snake:4  | Noticed a nagaraja
 12837 | Snake:4  | Reached skill level 15 in Axes
 12850 | Snake:4  | Noticed a nagaraja
 12853 | Snake:4  | Killed a nagaraja
 12853 | Snake:4  | Killed a nagaraja
 12853 | Snake:4  | Killed a nagaraja
 12853 | Snake:4  | Killed a nagaraja
 12853 | Snake:4  | Killed a nagaraja
 12867 | Snake:4  | Killed a nagaraja
 12921 | Snake:4  | Got a serpentine rune of Zot
 13120 | Shoals:1 | Entered Level 1 of the Shoals
 13120 | Shoals:1 | Found a runed translucent door.
 13120 | Shoals:1 | Found a shimmering altar of Xom.
 13120 | Shoals:1 | Noticed Kuhithrore's ghost (adept DrTm)
 13122 | Shoals:1 | Identified the +8 lajatang of Grandeur {chaos, Str+5}
 13280 | Shoals:4 | Entered Level 4 of the Shoals
 13464 | Shoals:4 | Reached XP level 16. HP: 158/158 MP: 17/17
 13727 | Shoals:4 | Reached skill level 16 in Axes
 13972 | Shoals:4 | Got an encrusted helmet
 13973 | Shoals:4 | Identified the +2 helmet of Kikubaaqudgha's Esteem {+Inv
                  | rF+} (You found it on level 4 of the Shoals)
 14080 | Shoals:4 | Cast into level 2 of the Abyss (merfolk javelineer)
 14359 | Abyss:2  | Noticed an Executioner
 14367 | Abyss:2  | Killed an Executioner
 14621 | Abyss:3  | Noticed a tentacled starspawn
 14629 | Abyss:3  | Killed a tentacled starspawn
 14841 | Abyss:3  | Noticed a tentacled starspawn
 14847 | Abyss:3  | Noticed a tentacled starspawn
 14850 | Abyss:3  | Killed a tentacled starspawn
 14865 | Abyss:3  | Killed a tentacled starspawn
 14899 | Abyss:3  | Got an abyssal rune of Zot
 14914 | Shoals:4 | Escaped the Abyss
 14921 | Shoals:4 | Reached skill level 17 in Axes
 14927 | Shoals:4 | Got a barnacled rune of Zot
 15312 | Depths:1 | Entered Level 1 of the Depths
 15331 | Depths:1 | Found a gateway to Hell.
 15338 | Depths:1 | Reached XP level 17. HP: 136/151 MP: 19/19
 15380 | Depths:1 | Found a gateway to a ziggurat.
 15729 | Depths:2 | Reached skill level 15 in Fighting
 15732 | Depths:3 | Found Fofaemicw's Distillery.
 15745 | Depths:3 | Found Dushuts's Distillery.
 15972 | Depths:4 | Noticed a titan
 15983 | Depths:4 | Killed a titan
 16184 | Depths:5 | Entered Level 5 of the Depths
 16185 | Depths:5 | Found a runed translucent gate.
 16186 | Depths:5 | Found a runed translucent gate.
 16225 | Depths:5 | Noticed an Ice Fiend
 16230 | Depths:5 | Noticed an Ice Fiend
 16265 | Depths:5 | Reached skill level 18 in Axes
 16283 | Depths:5 | Noticed a golden dragon
 16298 | Depths:5 | Killed a golden dragon
 16298 | Depths:5 | Gained mutation: You passively map a large area around you.
                  | [Deep Dwarf growth]
 16298 | Depths:5 | Reached XP level 18. HP: 161/181 MP: 18/20
 16519 | Depths:5 | Noticed a juggernaut
 16546 | Depths:5 | Killed a juggernaut
 16546 | Depths:5 | Reached skill level 15 in Invocations
 16905 | Depths:5 | Noticed a golden dragon
 16906 | Depths:5 | Found a gate to the Realm of Zot.
 16909 | Depths:5 | Noticed a golden dragon
 16917 | Depths:5 | Killed a golden dragon
 16938 | Depths:5 | Killed a golden dragon
 16966 | Zot:1    | Entered Level 1 of the Realm of Zot
 16984 | Zot:1    | Noticed an orb of fire
 17006 | Zot:1    | Noticed an orb of fire
 17021 | Zot:1    | Gained mutation: You tend to lose your temper in combat.
                  | [an orb of fire]
 17124 | Depths:4 | Found a one-way gate leading to the halls of Pandemonium.
 17318 | Depths:1 | Noticed the Enchantress
 17320 | Depths:1 | Reached XP level 19. HP: 193/193 MP: 17/17
 17324 | Depths:1 | Cast into level 4 of the Abyss (the Enchantress)
 17392 | Abyss:4  | Reached skill level 15 in Shields
 17433 | Abyss:4  | Paralysed by accursed screaming for 1 turns
 17446 | Depths:1 | Escaped the Abyss
 17475 | Depths:1 | Killed the Enchantress
 17475 | Depths:1 | Reached skill level 15 in Armour
 17559 | Depths:4 | Noticed an ancient lich
 17591 | Depths:4 | Killed an ancient lich
 17623 | Depths:4 | Lost mutation: You tend to lose your temper in combat.
                  | [potion of mutation]
 17623 | Depths:4 | Gained mutation: You are somewhat resistant to further
                  | mutation. [potion of mutation]
 17623 | Depths:4 | Gained mutation: Scrolls take you a little longer to read.
                  | [potion of mutation]
 17623 | Depths:4 | Gained mutation: You are partially covered in large bone
                  | plates. (SH +4) [potion of mutation]
 17707 | Zot:1    | Gained mutation: Your spells are a little easier to cast,
                  | but a little less powerful. [an orb of fire]
 17713 | Zot:1    | HP: 6/193 [orb of fire/fireball (36)]
 17714 | Zot:1    | Killed from afar by an orb of fire

Illustrated notes

Levels and vault maps discovered:
D:1:      kilobyte_arrival_exit_the_forest, layout_rooms
D:2:      layout_rooms, overflow_temple_1_default, st_stairs_12,
          uniq_crazy_yiuf_cottage, uniq_terence
D:3:      layout_basic, nicolae_ru_sacrificial_ziggurat
D:4:      layout_loops_ring, nicolae_overflow_crystal_walls, serial_shops, shop,
          kennysheep_mini_moat, nicolae_shop_trees
D:5:      layout_basic, ashenzari_conservatory_becter, dancing_weapons_uskayaw
D:6:      layout_loops_ring, lemuel_round_altar, grunt_temple_overflow_open,
          basic_altar, uniq_edmund
D:7:      layout_loops_ring, lemuel_doored_altar, led_sif_book,
          minmay_temple_entry_glass, gammafunk_ghost_berserking_beasts,
          minmay_manual_mullet, uniq_duvessa, uniq_maggie, uniq_menkaure
D:8:      layout_basic, lemuel_coloured_pillars_altar, columned_hall_lemuel,
          uniq_pikel, uniq_gastronok
D:9:      layout_roguey, fedhas_ov_isle_minmay, david_lair_shrubbed,
          basic_altar, minivault_1, st_stairs_4, uniq_erica
D:10:     layout_basic, abandoned_shop, uniq_sonja
D:11:     layout_stronghold, serial_shops, shop, chequers_serial_rivers_micro_e,
          uniq_urug, uniq_maurice
D:12:     layout_basic, kennysheep_orc_monster_closet_entryway,
          gammafunk_ghost_hydra_chop, grunt_decor_one_mirror, uniq_nessos
D:13:     layout_long_grid, david_vaults_5
D:14:     layout_rooms, basic_altar, minivault_27, kennysheep_nondescript
D:15:     grunt_enter_depths_magical_seal, layout_basic, serial_shops, shop,
          gammafunk_ghost_hive, hangedman_abyss_or_decor_passed,
          hangedman_parallel_progression
Lair:1:   layout_cave_pods, gammafunk_ghost_cemetery, uniq_fannar, uniq_grum
Lair:2:   layout_chaotic_city, minmay_snake_entry_guardpost_medium,
          nicolae_lair_grove_arrangements, zaba_anthell
Lair:3:   layout_chaotic_city, elwin_shoals_entry_stream,
          ebering_ghost_funeral_grove, minmay_hedge_maze
Shoals:1: layout_shoals, ebering_ghost_xom
Shoals:2: nicolae_shoals_island_circles, layout_shoals
Shoals:3: layout_shoals, serial_shops, nicolae_shop_trees
Shoals:4: shoals_end_hangedman, layout_shoals
Snake:1:  layout_misc_corridors, serial_bayou_lake_a, minmay_shop_grove,
          serial_bayou_shore_b, grunt_megastairs_3, uniq_aizul
Snake:2:  layout_basic, st_stairs_13
Snake:3:  layout_cave_town, serial_bayou_crossing, uniq_agnes
Snake:4:  snake_pit, layout_onion, hangedman_corner_corridor
Depths:1: minmay_octagon_keep, layout_gridlike, enter_ziggurat_f, abyss_entry,
          serial_corexii_hall, corexii_hall_statues_l, corexii_hall_statues_l,
          grunt_mini_vestibule, chequers_serial_rivers_room_a, uniq_enchantress
Depths:2: lemuel_river_lethe, abyss_entry, hell_entry
Depths:3: cheibrodos_cascadia, layout_honeycomb, rand_demon_pan_entry_8,
          serial_shops, nicolae_shop_stone, shop, shop, pf_coc_iceberg,
          st_stairs_13, minmay_staircase_windowed_small
Depths:4: minmay_guarded_unrand_majin_bo, layout_small_grid,
          chequers_serial_rivers_small_b, serial_sigils,
          serial_sigils_hangedman_leer, serial_sigils_hangedman_etch,
          serial_sigils_hangedman_gnaw, serial_sigils_hangedman_scratch,
          abyss_entry, pf_hell_entry_great_geh, grunt_pan_entry_sceptre
Depths:5: lemuel_castle_with_subvaults [lemuel_castle_interior_carwin_1],
          layout_basic, dk_noncrumbling_2, gammafunk_ghost_tricky_traps,
          hell_entry
Zot:1:    layout_onion_interference, ebering_ghost_reflecting_pool, st_stairs_2

Skill      XL: |  1  2  3  4  5  6  7  8  9 10 11 12 13 14 15 16 17 18 19 |
---------------+----------------------------------------------------------+-----
Fighting       | 3 4 5 6 7 8 9 10 11 12 13 14 15 17 | 17.4
Axes           | 3 4 5 6 7 9 10 11 12 13 14 15 17 18 | 18.0
Armour         | 4 5 6 7 8 9 10 11 12 13 14 15 | 15.2
Shields        | 4 5 6 7 8 9 10 11 12 13 14 15 | 15.2
Invocations    | 2 4 6 7 9 10 11 12 13 14 15 | 15.0
Evocations     | 3 5 7 8 9 10 | 10.0
Dodging        | 1 3 5 6 |  6.0

Action                   |  1- 3 |  4- 6 |  7- 9 | 10-12 | 13-15 | 16-18 | 19-21 || total
-------------------------+-------+-------+-------+-------+-------+-------+-------++-------
Melee: War axe           |   110 |   138 |   316 |   594 |  1010 |  1181 |    96 ||  3445
Invok: Lesser Servant of |       |       |       |     5 |     2 |       |       ||     7
       Greater Servant o |       |       |       |       |     2 |       |       ||     2
 Abil: Heal Wounds       |     2 |     5 |     9 |     9 |     2 |    26 |     2 ||    55
Evoke: Wand              |       |       |       |     6 |       |       |       ||     6
       Tin of tremorston |       |       |       |       |       |     2 |     1 ||     3
  Use: Scroll            |       |       |    16 |     5 |    15 |     7 |     2 ||    45
       Potion            |       |       |       |     2 |       |     2 |     2 ||     6
 Stab: Paralysed         |       |       |       |     2 |       |       |       ||     2
       Distracted        |       |       |       |       |     4 |       |       ||     4
       Confused          |       |       |       |       |       |     1 |       ||     1
Armor: Scale mail        |    55 |    59 |    12 |       |       |       |       ||   126
       Plate armour      |       |       |   138 |   127 |       |     1 |    37 ||   303
       Chain mail        |       |       |       |   333 |   525 |   504 |       ||  1362
Dodge: Dodged            |    50 |    38 |    60 |   147 |   335 |   392 |    24 ||  1046
Block: Kite shield       |    72 |    77 |   174 |   372 |       |       |       ||   695
       Tower shield      |       |       |       |    58 |  1044 |  1036 |    84 ||  2222

Table legend: (Time is in decaauts)
 A = Elapsed time spent in this place.
 B = Non-inter-level travel time spent in this place.
 C = Inter-level travel time spent in this place.
 D = Time resting spent in this place.
 E = Time spent auto-exploring this place.
 F = Levels seen in this place.
 G = Mean time per level.
                   A        B        C        D        E       F      G
               +--------+--------+--------+--------+--------+-----+--------+
         Total |  17770 |  15533 |   2237 |    146 |   9733 |  35 |  507.7 |
       Dungeon |  10749 |   9668 |   1081 |      0 |   6797 |  15 |  716.6 |
          Lair |   1782 |   1424 |    358 |      0 |   1077 |   3 |  594.0 |
        Shoals |   1110 |    949 |    161 |      4 |    447 |   4 |  277.5 |
     Snake Pit |   1108 |    942 |    166 |      0 |    520 |   4 |  277.0 |
        Depths |   2065 |   1599 |    466 |     83 |    574 |   5 |  413.0 |
           Zot |     61 |     60 |      1 |      0 |      0 |   1 |   61.0 |
         Abyss |    892 |    892 |      0 |     59 |    316 |   3 |  297.3 |
               +--------+--------+--------+--------+--------+-----+--------+

Top non-repeatable levels by time:
    D:15: 1129 daAuts
     D:8: 1047 daAuts
    D:11: 978 daAuts
Shoals:4: 912 daAuts
     D:5: 881 daAuts
    D:10: 849 daAuts
    D:13: 833 daAuts
Depths:5: 814 daAuts
  Lair:2: 805 daAuts
    D:12: 789 daAuts
     D:4: 773 daAuts
 Snake:4: 756 daAuts
     D:7: 748 daAuts
  Lair:3: 723 daAuts
     D:9: 708 daAuts
